 Dungeon Crawl Stone Soup version 0.28-a0-1395-g4f6bc678fa (console) character file.

Game seed: 4591321571075921030

21 petzl the Vexing (level 3, 0/26 HPs)
             Began as a Formicid Arcane Marksman on Jan 5, 2022.
             Slain by a hobgoblin (3 damage)
             ... on level 2 of the Dungeon.
             The game lasted 00:01:47 (828 turns).

petzl the Vexing (Formicid Arcane Marksman)          Turns: 828, Time: 00:01:47

Health: 0/26       AC:  2    Str: 14    XL:     3   Next: 2%
Magic:  5/5        EV: 12    Int: 14    God:
Gold:   104        SH:  0    Dex: 11    Spells: 3/4 levels left

rFire   . . .      SeeInvis +   a - +0 trident
rCold   . . .      Faith    .   (no shield)
rNeg    . . .      Spirit   .   d - +0 robe
rPois   .          Reflect  .   (helmet unavailable)
rElec   .          Harm     .   (no cloak)
rCorr   .          Rampage  .   (no gloves)
Will    .....                   (no boots)
Stlth   +.........              (no amulet)
HPRegen 0.08/turn               (no ring)
MPRegen 0.09/turn               (no ring)

@: no status effects
A: permanent stasis, dig shafts and tunnels, antennae 3, four strong arms
a: Dig, Shaft Self


You were on level 2 of the Dungeon.
You visited 1 branch of the dungeon, and saw 2 of its levels.

You collected 104 gold pieces.

Inventory:

Hand Weapons
 a - a +0 trident (weapon)
 b - a +0 hand crossbow
Missiles
 c - 17 bolts
 j - 8 poisoned darts
Armour
 d - a +0 robe (worn)
Scrolls
 f - 2 scrolls of noise {unknown}
 g - a scroll of immolation {unknown}
 h - a scroll of teleportation {unknown}
 i - 4 scrolls of identify {unknown}
Potions
 e - a potion of cancellation {unknown}
 k - 2 potions of brilliance {unknown}


   Skills:
 + Level 1.5 Fighting
 + Level 2.2 Crossbows
 + Level 0.7 Armour
 + Level 2.0 Dodging
 + Level 0.9 Stealth
 + Level 1.4 Spellcasting
 - Level 3.6 Hexes


You had 3 spell levels left.
You knew the following spells:

 Your Spells              Type           Power      Damage    Failure   Level
a - Slow                  Hex            44%        N/A       5%          1

Your spell library contained the following spells:

 Spells                   Type           Power      Damage    Failure   Level
 Inner Flame              Hex/Fire       6%         N/A       34%         3
 Portal Projectile        Hex/Tloc       12%        N/A       34%         3
 Cause Fear               Hex            5%         N/A       50%         4


Dungeon Overview and Level Annotations

Branches:
Dungeon (2/15)

Altars:


Innate Abilities, Weirdness & Mutations

You cannot be hasted, slowed, berserked, paralysed or teleported.
You can dig through walls and to a lower floor.
You have a pair of large antennae on your head. (SInv)
Your four strong arms can wield two-handed weapons with a shield.


Message History

The hobgoblin hits you.
You barely miss the hobgoblin.
The hobgoblin is heavily wounded.
The hobgoblin hits you.
You are too injured to fight recklessly!
You are too injured to fight recklessly!
You are too injured to fight recklessly!
You are too injured to fight recklessly!
You are too injured to fight recklessly!
You are too injured to fight recklessly!
You are too injured to fight recklessly!
You are too injured to fight recklessly!
The hobgoblin hits you. The hobgoblin hits you. The hobgoblin hits you.
* * * LOW HITPOINT WARNING * * *
The hobgoblin hits you.
* * * LOW HITPOINT WARNING * * *
The hobgoblin closely misses you.
You see here 3 gold pieces.
There is a stone staircase leading up here.
Things that are here:
a +0 short sword; a kobold corpse
Things that are here:
a +0 short sword; a kobold corpse
Things that are here:
a +0 short sword; a kobold corpse You are too injured to fight recklessly!
The hobgoblin misses you. The hobgoblin barely misses you.
The hobgoblin closely misses you. The hobgoblin barely misses you.
The hobgoblin hits you.
* * * LOW HITPOINT WARNING * * *
The hobgoblin hits you.
* * * LOW HITPOINT WARNING * * *
Things that are here:
a +0 short sword; a kobold corpse The hobgoblin hits you.
You die...

## ########### #########..#
#.........# #..........#
#.........# #....#
#.........#
######$###########.........#
#......####..<......)g.....#
#.#####.....####....##@#####
#.########....#..# #.#
#........#.## ..#
#........#.# ####
#........#.####
#........#....##.
#...<.............
###..†.####.........
#......# #.........
#.####.####......... #
#............). {
#..†..<........
#.........#..##
#.........#..# >....^......#
............# ####.........#
#.......... #.####.####.


You could see a hobgoblin.

Vanquished Creatures
  5 endoplasms
  3 goblins (D:1)
  A hobgoblin (D:1)
  A quokka (D:1)
  2 bats (D:1)
  3 kobolds
  3 rats
18 creatures vanquished.

Notes
Turn   | Place    | Note
-------+----------+-------------------------------------------
     0 | D:1      | petzl the Formicid Arcane Marksman began the quest for the
                  | Orb.
     0 | D:1      | Reached XP level 1. HP: 15/15 MP: 2/2
   155 | D:1      | Reached XP level 2. HP: 21/21 MP: 3/3
   707 | D:2      | Reached XP level 3. HP: 23/26 MP: 5/5
   828 | D:2      | Slain by a hobgoblin

Illustrated notes

Levels and vault maps discovered:
D:1:      elethiomel_arrival_infinity_welcomes_careful_drivers, layout_basic
D:2:      layout_rooms, serial_shops, shop, chequers_ecumenical_altar_island

Skill      XL: |  1  2 |
---------------+-------+-----
Dodging        | 2 |  2.0
Fighting       | |  1.5
Crossbows      | |  2.2
Armour         | |  0.7
Stealth        | |  0.9
Spellcasting   | |  1.4
Hexes          | |  3.6

Action                   || total
-------------------------++-------
Melee: Trident           ||    15
 Fire: Hand crossbow     ||    20
 Stab: Sleeping          ||     2
Dodge: Dodged            ||    13

Table legend: (Time is in decaauts)
 A = Elapsed time spent in this place.
 B = Non-inter-level travel time spent in this place.
 C = Inter-level travel time spent in this place.
 D = Time resting spent in this place.
 E = Time spent auto-exploring this place.
 F = Levels seen in this place.
 G = Mean time per level.
                   A        B        C        D        E       F      G
               +--------+--------+--------+--------+--------+-----+--------+
         Total |    839 |    793 |     46 |      0 |    606 |   2 |  419.5 |
       Dungeon |    839 |    793 |     46 |      0 |    606 |   2 |  419.5 |
               +--------+--------+--------+--------+--------+-----+--------+

Top non-repeatable levels by time:
     D:1: 664 daAuts
     D:2: 175 daAuts
